 Dungeon Crawl Stone Soup version 0.26.1-11-gd32895ea62 (webtiles) character file.

Game seed: 8988878667024302629

6358 ABBCCCDDDD the Basher (level 11, -15/73 HPs)
             Began as a Kobold Berserker on July 7, 2021.
             Was an Elder of Trog.
             Killed from afar by a hell hog (42 damage)
             ... with a fireball
             ... on level 2 of the Abyss.
             The game lasted 00:22:54 (10081 turns).

ABBCCCDDDD the Basher (Kobold Berserker)           Turns: 10081, Time: 00:22:54

Health: -15/73     AC: 19    Str: 33    XL:     11   Next: 17%
Magic:  11/11      EV: 12    Int:  8    God:    Trog [****..]
Gold:   357        SH:  0    Dex: 11    Spells: 10/10 levels left

rFire    . . .     SeeInvis .   s - +0 whip (freeze)
rCold    x . .     Faith    .   (shield restricted)
rNeg     + + .     Spirit   .   J - +5 chain mail of Action {Harm rC- rN++ Regen+}
rPois    .         Reflect  .   (no helmet)
rElec    .         Harm     +   f - +0 cloak
rCorr    .         Rampage  .   B - +0 pair of gloves {Str+3}
Will     ++...     Rnd*Rage +   y - +2 pair of boots {run}
Stlth    ..........             d - amulet of regeneration
HPRegen  2.02/turn              b - +6 ring of strength
MPRegen  0.12/turn              D - +6 ring of strength

@: about to teleport, regenerating, quick
A: small, [berserk 2], [blurry vision 2], [clumsy 2], nightstalker 3, [screaming
2]
a: Renounce Religion, Berserk, Trog's Hand, Brothers in Arms


You were on level 2 of the Abyss.
You worshipped Trog.
Trog was greatly pleased with you.
You visited 1 branch of the dungeon, and saw 8 of its levels.
You visited the Abyss 1 time.

You collected 357 gold pieces.

Inventory:

Hand Weapons
 q - a +0 flail
 s - a +0 whip of freezing (weapon)
 N - a +0 morningstar
Missiles
 E - 6 poisoned darts
 O - a throwing net
Armour
 f - a +0 cloak (worn)
 r - a +0 chain mail
 y - a +2 pair of boots of running (worn)
 B - a +0 pair of gloves of strength (worn)
 J - the +5 chain mail of Action (worn) {Harm rC- rN++ Regen+}
   (You found it on level 8 of the Dungeon)

   It makes you vulnerable to cold.
   It greatly protects you from negative energy.
   It increases your rate of regeneration.
   It increases damage dealt and taken.
Jewellery
 b - a +6 ring of strength (left hand)
 d - an amulet of regeneration (around neck)
 D - a +6 ring of strength (right hand)
 F - an uncursed ring of stealth
 G - an uncursed ring of see invisible
 I - an uncursed ring of ice
Wands
 h - a wand of random effects (18)
 n - a wand of polymorph (2)
 w - a wand of flame (1)
Scrolls
 a - 2 scrolls of immolation
 c - 8 scrolls of teleportation
 g - 3 scrolls of magic mapping
 k - 4 scrolls of remove curse
 o - 2 scrolls of enchant weapon
 p - 3 scrolls of enchant armour {unknown}
 C - a scroll of blinking {unknown}
 H - 2 scrolls of amnesia {unknown}
 L - a scroll of fear {unknown}
Potions
 e - a potion of curing
 i - a potion of mutation
 j - 4 potions of berserk rage
 l - 2 potions of heal wounds {unknown}
 m - 3 potions of resistance {unknown}
 t - 3 potions of haste {unknown}
 u - 2 potions of attraction {unknown}
 v - 3 potions of cancellation {unknown}
 x - a potion of magic {unknown}
 z - a potion of might {unknown}
 A - 2 potions of brilliance {unknown}
 K - a potion of flight {unknown}
 M - a potion of ambrosia {unknown}


   Skills:
 + Level 10.5 Fighting
 + Level 12.1 Maces & Flails
 + Level 2.3 Armour
 + Level 3.4 Dodging


You had 10 spell levels left.
You didn't know any spells.
Your spell library was empty.

Dungeon Overview and Level Annotations

Branches:
Dungeon (8/15)             Temple (0/1) D:5
   Lair: D:8-11

Altars:
Elyvilon
Fedhas
Makhleb
Okawaru
Qazlal
Ru
Uskayaw
Wu Jian
Xom
The Shining One


Innate Abilities, Weirdness & Mutations

You are small and have problems with some larger weapons.
You are completely attuned to the shadows.
[You often lose your temper in combat.]
[Scrolls take you longer to read.]
[You are very clumsy. (Dex -4)]
[You sometimes yell uncontrollably at your foes.]


Message History

You feel the power of the Abyss delaying your translocation!
A tentacled starspawn comes into view.
The wretched star pulses with an eldritch light!
You feel a little pissed off.
You feel angry.
You feel clumsy. x2
The hell hog breathes fire at you.
The fireball explodes!
The fireball engulfs you!!!
Ouch! That really hurt!
* * * LOW HITPOINT WARNING * * *
The fireball engulfs the hell hog!
The hell hog resists.
You feel better. The hell hog barely misses you.
The wretched star pulses with an eldritch light!
Your vision blurs. x2
The wretched star pulses with an eldritch light!
You feel the urge to shout.
You feel a strong urge to yell. The hell hog closely misses you.
You feel better. The hell hog breathes fire at you.
The fireball explodes!
The fireball engulfs you!!
Ouch! That really hurt!
You die...

# #### .. # #
### #.## # #. #
## .##
#....#######...
. .#.#.#.#. ..##
. #.*.....#.##.
#.#
#.hh##....####.#
# .h #@...#.# #
# ##.#..#.## ##
.....X....
##.#.#...#.
##.....#.
##.#.#. ##..#


You could see a tentacled starspawn, a wretched star and 2 hell hogs.

Vanquished Creatures
  Pikel (D:4)
  A manticore (D:8)
  Maggie (D:7)
  A merfolk (D:8)
  Prince Ribbit (D:6)
  A yak (D:7)
  A wyvern (D:8)
  A hog (D:8)
  A water moccasin (D:7)
  2 sky beasts
  3 orc warriors (D:8)
  3 black bears (D:8)
  An ice beast (D:8)
  4 ogres
  A phantom (D:8)
  A centaur (D:8)
  A lemure (D:4)
  Blork the orc (D:6)
  7 bullfrogs
  4 big kobolds
  A gnoll sergeant (D:8)
  5 scorpions
  3 wights (D:8)
  8 electric eels (D:8)
  4 howler monkeys
  3 hounds
  A bullfrog zombie (D:5)
  2 centaur skeletons
  2 jellies
  A centaur zombie (D:5)
  4 orc wizards
  6 orc priests
  2 bullfrog skeletons
  2 gnoll shamans
  Terence (D:3)
  7 worker ants
  A worker ant zombie (D:7)
  19 gnolls
  12 adders
  4 white imps
  3 ufetubi
  2 adder zombies (D:8)
  5 worms
  A dart slug (D:1)
  4 leopard geckos
  11 orcs
  2 ball pythons (D:3)
  10 giant cockroaches
  10 goblins
  5 hobgoblins
  8 jackals
  11 kobolds
  5 quokkas
  7 bats
  3 frilled lizards
  8 rats
220 creatures vanquished.

Vanquished Creatures (others)
  2 fungi (D:4)
  67 plants
69 creatures vanquished.

Grand Total: 289 creatures vanquished

Notes
Turn   | Place    | Note
-------+----------+-------------------------------------------
     0 | D:1      | ABBCCCDDDD the Kobold Berserker began the quest for the
                  | Orb.
     0 | D:1      | Reached XP level 1. HP: 14/14 MP: 1/1
    58 | D:1      | Reached skill level 3 in Maces & Flails
    58 | D:1      | Reached XP level 2. HP: 12/19 MP: 2/2
   562 | D:1      | Reached XP level 3. HP: 24/24 MP: 3/3
  1309 | D:2      | Reached ** piety under Trog
  1528 | D:3      | Reached XP level 4. HP: 29/29 MP: 4/4
  1636 | D:3      | Found a shimmering altar of Xom.
  1715 | D:3      | Reached skill level 4 in Maces & Flails
  2119 | D:3      | Reached XP level 5. HP: 31/33 MP: 5/5
  2232 | D:3      | Found a hide-covered altar of Uskayaw.
  2372 | D:3      | Reached skill level 5 in Maces & Flails
  2658 | D:3      | Reached XP level 6. HP: 35/38 MP: 6/6
  2681 | D:3      | Found a glowing golden altar of the Shining One.
  2740 | D:3      | Noticed Terence
  2749 | D:3      | Killed Terence
  3125 | D:4      | Reached *** piety under Trog
  3345 | D:4      | Reached skill level 6 in Maces & Flails
  3352 | D:4      | Reached XP level 7. HP: 43/43 MP: 7/7
  3636 | D:4      | Found a burning altar of Makhleb.
  3688 | D:4      | Noticed Pikel
  3754 | D:4      | Killed Pikel
  3755 | D:4      | Reached skill level 8 in Maces & Flails
  3755 | D:4      | Reached XP level 8. HP: 48/48 MP: 8/8
  4046 | D:4      | Found a blossoming altar of Fedhas.
  4084 | D:4      | Found a stormy altar of Qazlal.
  4564 | D:4      | Noticed a green death
  4565 | D:4      | Noticed an orange demon
  4614 | D:5      | Entered Level 5 of the Dungeon
  4697 | D:5      | Found a staircase to the Ecumenical Temple.
  4700 | D:5      | Reached skill level 9 in Maces & Flails
  4799 | D:5      | Got a smoking war axe
  4802 | D:5      | Found a white marble altar of Elyvilon.
  4818 | D:5      | Identified the +1 war axe "Teciqim" {freeze, *Contam rN+
                  | Dex+6} (You found it on level 5 of the Dungeon)
  5112 | D:5      | Reached skill level 5 in Fighting
  5112 | D:5      | Reached XP level 9. HP: 50/54 MP: 9/9
  5802 | D:6      | Noticed Blork the orc
  5811 | D:6      | Killed Blork the orc
  5988 | D:6      | Reached skill level 10 in Maces & Flails
  6061 | D:6      | Identified a +2 pair of boots of running (You found it on
                  | level 6 of the Dungeon)
  6195 | D:6      | Found an ornate altar of the Wu Jian Council.
  6202 | D:6      | Noticed Prince Ribbit
  6530 | D:6      | Killed Prince Ribbit
  7578 | D:7      | Noticed Maggie
  7588 | D:7      | Killed Maggie
  7589 | D:7      | Reached skill level 11 in Maces & Flails
  7589 | D:7      | Reached XP level 10. HP: 63/63 MP: 10/10
  8375 | D:7      | Found a sacrificial altar of Ru.
  8578 | D:8      | Reached **** piety under Trog
  8927 | D:8      | Got a steaming chain mail
  9003 | D:8      | Identified the +5 chain mail of Action {Harm rC- rN++
                  | Regen+} (You found it on level 8 of the Dungeon)
  9027 | D:8      | Reached skill level 12 in Maces & Flails
  9236 | D:8      | Noticed a manticore
  9250 | D:8      | Killed a manticore
  9309 | D:8      | Reached skill level 10 in Fighting
  9389 | D:8      | Reached XP level 11. HP: 72/72 MP: 11/11
  9710 | D:8      | Found an iron altar of Okawaru.
  9926 | D:8      | Reached ***** piety under Trog
  9995 | D:8      | Cast into level 2 of the Abyss (gnoll sergeant)
 10010 | Abyss:2  | Noticed a wretched star
 10021 | Abyss:2  | Found a corrupted altar of Lugonu.
 10073 | Abyss:2  | Noticed a hell hog
 10078 | Abyss:2  | Noticed a wretched star
 10078 | Abyss:2  | Noticed a hell hog
 10078 | Abyss:2  | Noticed a wretched star
 10079 | Abyss:2  | Noticed a tentacled starspawn
 10081 | Abyss:2  | Killed from afar by a hell hog

Illustrated notes

Levels and vault maps discovered:
D:1:      elethiomel_arrival_fortress_basement, layout_rooms
D:2:      layout_basic, nicolae_overflow_hidden_temple, minmay_split_cup_small
D:3:      layout_basic, xom_butterflies, tso_metal_star, lemuel_crystal_altar,
          uniq_terence
D:4:      layout_loops_corners, grunt_temple_overflow_forces_of_nature,
          makhleb_altar_promises_db, uniq_pikel
D:5:      layout_cave_pods, elyvilon_altar_5, minmay_temple_entry_stoned_glass,
          minmay_misc_feat_columns
D:6:      layout_cave_pools, nzn_wu_jian_contemplation, columned_hall_lemuel,
          uniq_blork_the_orc, uniq_prince_ribbit1
D:7:      layout_layer_cave, nicolae_ru_path_of_blood,
          kennysheep_generic_room_8, uniq_maggie
D:8:      kennysheep_town, serial_shops
Abyss:2:  base: D:3, minivault_20, serial_sigils_hangedman_snap

Skill      XL: |  1  2  3  4  5  6  7  8  9 10 11 |
---------------+----------------------------------+-----
Maces & Flails | 3 4 5 6 8 9 11 12 | 12.1
Fighting       | 4 5 7 10 | 10.5
Armour         | 2 |  2.3
Dodging        | 3 |  3.4

Action                   |  1- 3 |  4- 6 |  7- 9 | 10-12 || total
-------------------------+-------+-------+-------+-------++-------
Melee: Mace              |    93 |    52 |       |       ||   145
       Flail             |       |   104 |    48 |       ||   152
       Whip              |       |       |   432 |   331 ||   763
Invok: Berserk           |     3 |     6 |    15 |     7 ||    31
       Trog's Hand       |       |       |     6 |     3 ||     9
Evoke: Wand              |       |       |     1 |    19 ||    20
  Use: Scroll            |       |       |     4 |     8 ||    12
       Potion            |       |       |       |     4 ||     4
 Stab: Sleeping          |     9 |       |       |       ||     9
       Distracted        |     1 |       |       |       ||     1
Armor: Animal skin       |    13 |       |       |       ||    13
       Chain mail        |       |    36 |   129 |    88 ||   253
       Scale mail        |       |     4 |       |       ||     4
Dodge: Dodged            |    56 |    75 |   160 |   114 ||   405
